AoeStats
← gob b

Nomad

504162016Analyzed
4v4 RM · 28d ago on Sep 4, 2026· 36m 46s· 8 players
Game mode
Random Map
Map size
231×231
Population
200
Speed
Normal
Resources
Standard
Victory
Conquest
Starting age
Dark Age
Ending age
Imperial Age
RankedLock teamsTeams togetherTeam positionsShared explorationLock speedFull tech treeHidden civsTurbo modeCheats
Victory
Defeat
🇨🇳 Saracens · China
1251
+15
🇺🇸 Italians · United States
1243
+15
🇮🇳 Huns · India
1231
+16
🇭🇰 Koreans · Hong Kong SAR China
1222
+16
🇺🇸 Berbers · United States
1262
-17
🇨🇦 Bulgarians · Canada
1241
-16
🇺🇸 Teutons · United States
1221
-15
🇺🇸 Persians · United States
1188
-14
TonyMangtana
6:04 Loom
14:13 Feudal Age
19:08 Castle Age
18:02 Double-Bit Axe
20:18 Bow Saw
20:03 Horse Collar
26:03 Stone Mining
27:33 Wheelbarrow
JON
13:58 Feudal Age
15:14 Loom
18:48 Castle Age
17:37 Double-Bit Axe
18:41 Town Watch
19:33 Fletching
21:39 Bodkin Arrow
22:35 Horse Collar
24:09 Heavy Plow
30:27 Padded Archer Armor
34:39 Leather Archer Armor
35:13 Wheelbarrow
hkc02
14:01 Feudal Age
18:05 Castle Age
18:07 Loom
eward17
14:20 Loom
16:07 Feudal Age
20:59 Castle Age
24:47 Wheelbarrow
23:58 Loom
23:59 Town Watch
蔡鳥
5:12 Loom
12:58 Feudal Age
13:41 Double-Bit Axe
17:00 Gold Mining
28:13 Castle Age
26:31 Fishing Lines
28:10 Fletching
28:20 Padded Archer Armor
28:19 Crossbowman
30:33 Bodkin Arrow
31:15 Leather Archer Armor
Futou Juhan
3:20 Loom
15:58 Feudal Age
16:56 Fishing Lines
21:39 Castle Age
20:57 Double-Bit Axe
21:27 Gold Mining
23:47 Gold Shaft Mining
24:32 Fletching
25:18 Bow Saw
27:24 Scale Barding Armor
33:36 Imperial Age
34:42 Wheelbarrow
35:44 Elite War Wagon
36:46 Bodkin Arrow
ph_IST
7:48 Loom
12:19 Feudal Age
14:50 Double-Bit Axe
19:16 Fletching
21:49 Castle Age
19:59 Stone Mining
23:44 Medium Warships
23:43 Bodkin Arrow
24:06 Horse Collar
28:11 Wheelbarrow
31:54 Padded Archer Armor
37:13 Imperial Age
35:10 Leather Archer Armor
35:58 Hand Cart
35:29 Town Watch
36:11 Ballistics
35:32 Treadmill Crane
36:03 Masonry
gob b
4:45 Loom
15:57 Feudal Age
19:41 Castle Age
17:40 Horse Collar
18:09 Double-Bit Axe
18:56 Stone Mining
18:58 Gold Mining
21:59 Fletching
32:33 Husbandry
34:34 Bow Saw
35:22 Bloodlines
35:38 Scale Mail Armor
Connection lost

Rejoining the realm…

Still unreachable

The connection could not be restored.

Session expired

The server has moved on; the page needs a fresh start.